Map: Mothership LE

Players

Breeder

  • Race: Terran Terran
  • Spawn Location: 6:00

dacul - Winner!

  • Race: Terran Terran
  • League: Bronze
  • Spawn Location: 9:00

VOD

Have the link to the VOD?

Description

Time

  • Played on: March 26, 2026, 10:42 a.m.
  • Length: 48:22
Show
View Real Time Build Order
Export as new Build Order

Breeder Terran 

Build Orders:  

Get SALT Encoding   

  12  0:01  SCV  
  13  0:30  Supply Depot  
  13  0:35  SCV  
  14  0:47  Refinery, SCV  
  15  0:58  Supply Depot  
  15  0:59  SCV  
  16  1:11  SCV  
  17  1:24  SCV  
  18  1:32  Supply Depot  
  18  1:36  SCV  
  19  1:48  SCV  
  19  1:49  Barracks  
  20  2:00  SCV  
  21  2:02  Engineering Bay  
  21  2:08  Supply Depot  
  21  2:12  SCV  
  22  2:24  SCV  
  23  2:30  Refinery  
  23  2:36  SCV  
  24  2:48  SCV  
  25  2:53  Factory  
  25  3:00  SCV  
  25  3:05  Supply Depot  
  26  3:41  Bunker  
  27  3:52  Barracks Reactor  
  26  4:02  Factory Tech Lab  
  26  4:22  Bunker  
  26  4:27  Cyclone  
  29  4:34  SCV  
  30  4:40  Supply Depot  
  30  4:47  SCV  
  30  4:50  Marine  
  30  4:51  Marine  
  33  4:59  SCV, Cyclone  
  37  5:06  Starport  
  37  5:08  Marine x2  
  37  5:11  SCV  
  40  5:23  SCV  
  40  5:26  Marine x2  
  43  5:31  Cyclone  
  43  5:35  SCV  
  47  5:44  Marine x2  
  47  5:47  SCV  
  50  5:55  Terran Infantry Weapons Level 1  
  50  5:59  SCV  
  50  6:02  Marine x2  
  53  6:11  SCV  
  54  6:19  Marine  
  54  6:20  Marine  
  54  6:23  SCV  
  54  6:24  Starport Tech Lab  
  57  6:35  SCV  
  57  6:37  Marine x2  
  60  6:48  SCV  
  61  6:55  Marine x2  
  63  7:04  Fusion Core  
  63  7:18  Armory  
  63  7:31  Supply Depot  
  63  7:47  Supply Depot  
  63  7:50  Terran Infantry Armor Level 1  
  63  7:53  SCV  
  64  8:03  Medivac  
  64  8:05  SCV  
  67  8:17  SCV  
  68  8:28  Supply Depot  
  68  8:29  SCV  
  68  8:33  Medivac  
  71  8:41  SCV  
  71  8:47  Marine x2  
  74  8:53  SCV  
  75  9:02  Supply Depot  
  75  9:04  Marine  
  75  9:05  Marine, SCV  
  78  9:11  Supply Depot  
  78  9:17  SCV  
  78  9:20  Viking  
  78  9:22  Marine x2  
  83  9:30  SCV  
  84  9:40  Marine x2  
  84  9:44  Hi-Sec Auto Tracking  
  86  9:50  Viking  
  86  9:51  Terran Vehicle Weapons Level 1  
  88  9:53  Caduceus Reactor  
  88  9:58  Marine x2  
  90  10:16  Marine x2  
  90  10:20  Viking, SCV  
  95  10:32  SCV  
  95  10:33  Marine  
  95  10:34  Marine  
  98  10:41  Neosteel Armor  
  98  10:44  SCV  
  98  10:47  Supply Depot  
  99  10:50  Viking  
  99  10:51  Marine x2  
  99  10:54  Supply Depot  
  103  11:08  SCV, Siege Tank  
  103  11:09  Marine  
  108  11:20  Viking, SCV  
  108  11:25  Supply Depot  
  111  11:31  Supply Depot  
  111  11:45  Terran Vehicle And Ship Armor Level 1  
  111  11:50  Battlecruiser  
  111  11:54  Command Center  
  117  12:34  Supply Depot  
  117  12:42  Supply Depot  
  117  12:54  Medivac  
  119  13:14  Terran Infantry Weapons Level 2  
  119  13:24  Medivac  
  119  13:25  SCV  
  122  13:37  SCV  
  123  13:45  Orbital Command  
  123  13:49  SCV  
  123  13:54  Viking  
  126  14:01  SCV  
  127  14:13  SCV  
  127  14:17  Refinery  
  128  14:23  Refinery  
  128  14:24  Viking  
  130  14:38  Orbital Command  
  130  14:54  Viking  
  132  15:11  Supply Depot  
  132  15:20  Supply Depot  
  132  15:24  Battlecruiser  
  138  15:40  Thor  
  144  16:19  Supply Depot  
  144  16:23  Thor  
  150  16:42  Marine x2  
  152  17:00  Marine, Medivac  
  155  17:06  Thor  
  161  17:31  Battlecruiser  
  167  17:41  Marine x2  
  169  17:58  Marine  
  169  17:59  Marine  
  169  18:00  Supply Depot  
  171  18:16  Marine  
  171  18:17  Marine  
  173  18:34  Marine  
  173  18:35  Marine, Viking  
  173  18:40  Command Center  
  177  19:05  Viking  
  179  19:25  Siege Tank  
  182  19:35  Viking  
  184  19:39  Supply Depot  
  184  19:57  Siege Tank  
  187  20:05  Viking  
  189  20:08  Orbital Command  
  189  20:29  Siege Tank  
  189  20:32  Refinery  
  189  20:35  Battlecruiser  
  198  21:20  Refinery  
  198  21:46  Missile Turret  
  198  21:56  Missile Turret  
  198  22:02  Missile Turret  
  198  22:12  Missile Turret  
  198  22:37  Missile Turret  
  198  22:53  Missile Turret  
  198  23:00  Missile Turret  
  198  23:09  Missile Turret  
  198  23:20  Missile Turret  
  198  24:30  Missile Turret  
  198  24:37  Missile Turret  
  198  24:51  Missile Turret  
  198  25:28  Smart Servos  
  198  25:38  Hellion  
  200  26:00  Missile Turret  
  200  26:11  Missile Turret  
  200  27:09  Missile Turret  
  165  30:33  Cyclone  
  21  32:34  Missile Turret  
  7  33:52  Supply Depot  
  7  34:02  Supply Depot  
  7  34:26  Barracks  
  5  35:18  Command Center  
  5  35:25  Barracks Tech Lab  
  3  35:46  Reaper  
  4  35:59  Command Center  
  3  36:49  Marine  
  3  37:07  Marine  
  4  37:15  SCV  
  5  37:25  Marine  
  5  37:28  SCV  
  7  37:31  Factory  
  7  37:40  SCV  
  7  37:43  Marine  
  9  37:45  Supply Depot  
  9  37:52  SCV  
  10  38:01  Marine  
  10  38:04  SCV  
  12  38:16  SCV  
  12  38:17  Supply Depot  
  12  38:19  Marine  
  14  38:28  SCV  
  14  38:32  Starport  
  15  38:36  Marine  
  15  38:38  Starport, Factory Tech Lab  
  15  38:40  SCV  
  17  38:52  SCV  
  17  38:54  Factory, Marine  
  19  39:05  Siege Tank  
  22  39:12  Marine  
  23  39:21  Armory  
  23  39:30  Marine  
  24  39:48  Marauder  
  24  39:51  Starport Tech Lab  
  26  39:54  Starport Tech Lab  
  26  39:56  Siege Tank  
  29  40:01  Factory Tech Lab  
  29  40:09  Supply Depot  
  29  40:10  Marauder  
  31  40:28  Siege Tank  
  34  40:30  Fusion Core  
  34  40:31  Marauder  
  36  40:39  Viking  
  38  40:44  Medivac  
  40  40:52  Marauder  
  42  40:59  Engineering Bay  
  42  41:00  Siege Tank  
  45  41:09  Viking  
  47  41:23  Supply Depot  
  47  41:32  Supply Depot  
  46  41:55  Missile Turret  
  46  42:07  Supply Depot  
  46  42:12  Supply Depot  
  46  42:20  Viking  
  46  42:25  Viking  
  46  42:29  Siege Tank  
  48  42:33  Marine  
  49  42:49  Orbital Command  
  49  42:50  Viking  
  49  42:51  Marine  
  51  42:55  Viking  
  54  43:01  Siege Tank  
  57  43:09  Marine  
  58  43:16  Supply Depot  
  58  43:20  Viking  
  58  43:25  Viking  
  58  43:27  Marine  
  62  43:28  Supply Depot  
  63  43:37  Thor  
  69  43:44  Marine  
  70  43:50  Viking  
  70  43:55  Battlecruiser  
  78  43:56  Supply Depot  
  78  44:02  Marine  
  79  44:11  Supply Depot  
  79  44:20  Battlecruiser  
  85  44:32  Marine, Thor  
  92  44:49  Marine  
  93  45:07  Marine  
  93  45:12  Supply Depot  
  94  45:25  Marine  
  95  45:30  Supply Depot  
  95  45:34  Thor  
  101  45:43  Marine  
  102  45:52  Battlecruiser  
  108  46:01  Marine  
  109  46:06  Bunker  
  109  46:18  Marine  
  110  46:36  Marine  
  110  46:54  Marine  
  109  47:12  Marine  
Show
View Real Time Build Order
Export as new Build Order

dacul Terran - Winner!

Build Orders:  

Get SALT Encoding   

  12  0:03  SCV  
  13  0:16  Supply Depot  
  13  0:20  SCV  
  14  0:32  SCV  
  15  0:41  Barracks  
  15  0:46  SCV  
  16  0:54  Refinery  
  16  0:58  SCV  
  17  1:10  SCV  
  18  1:22  Supply Depot, SCV  
  19  1:34  SCV  
  20  1:40  Bunker  
  20  1:46  SCV  
  21  2:06  Refinery  
  21  2:10  Bunker  
  21  2:23  Factory  
  21  2:29  Marine  
  22  2:45  Command Center  
  22  2:47  Marine  
  23  2:58  SCV  
  23  2:59  Engineering Bay  
  23  3:05  Marine  
  25  3:08  Factory Tech Lab  
  25  3:11  SCV  
  26  3:16  Refinery  
  26  3:23  SCV, Barracks Reactor  
  27  3:32  Siege Tank  
  30  3:38  SCV  
  30  3:39  Refinery  
  31  3:46  Missile Turret  
  31  3:57  SCV  
  32  4:07  Missile Turret  
  32  4:09  SCV  
  33  4:10  Siege Tank  
  33  4:16  Marine  
  37  4:26  SCV  
  38  4:36  Orbital Command  
  38  4:39  SCV  
  39  4:49  Missile Turret  
  39  4:51  SCV  
  40  5:02  Supply Depot  
  40  5:03  SCV  
  41  5:12  SCV  
  41  5:13  Starport  
  42  5:15  SCV  
  42  5:17  Neosteel Armor  
  43  5:25  SCV  
  43  5:27  SCV  
  45  5:29  Marine x2  
  47  5:39  SCV  
  48  5:43  SCV  
  48  5:47  Marine x2  
  51  5:51  SCV  
  51  5:55  SCV  
  53  6:03  SCV  
  54  6:05  Marine  
  55  6:12  Missile Turret  
  55  6:15  SCV  
  56  6:19  Starport Tech Lab  
  56  6:20  Armory  
  56  6:25  Fusion Core  
  56  6:31  Siege Tank  
  59  6:34  Missile Turret  
  59  6:40  SCV  
  60  6:48  Starport  
  60  6:49  Medivac  
  62  6:56  Missile Turret  
  62  6:57  Hi-Sec Auto Tracking  
  62  7:11  SCV x2  
  64  7:19  Medivac  
  64  7:20  Missile Turret  
  66  7:23  SCV  
  66  7:26  Supply Depot  
  67  7:31  Starport Tech Lab  
  67  7:35  SCV  
  68  7:42  Armory  
  68  7:47  Starport  
  68  7:57  Battlecruiser  
  74  8:33  Missile Turret  
  74  8:39  Planetary Fortress  
  74  8:46  Starport Tech Lab  
  74  8:51  Missile Turret  
  74  8:54  Missile Turret  
  74  8:57  Marine x2  
  76  9:03  Battlecruiser  
  82  9:12  Missile Turret  
  82  9:14  Sensor Tower  
  82  9:15  Marine x2  
  82  9:16  Missile Turret  
  84  9:19  Missile Turret  
  84  9:23  Terran Vehicle Weapons Level 1  
  84  9:33  Missile Turret, Marine x2  
  84  9:37  Missile Turret  
  86  9:41  Missile Turret  
  86  10:13  Missile Turret  
  86  10:35  Missile Turret  
  86  10:42  Missile Turret  
  86  10:43  Missile Turret  
  86  11:03  Missile Turret  
  86  11:05  Missile Turret  
  86  11:18  Terran Ship Weapons Level 1  
  86  11:23  Missile Turret  
  86  11:27  Missile Turret  
  86  11:33  Missile Turret  
  86  11:35  Missile Turret  
  86  11:39  Starport  
  86  11:58  Supply Depot  
  86  12:20  Marine, Battlecruiser, Supply Depot  
  86  12:21  Bunker  
  93  12:25  Bunker  
  93  12:27  Command Center  
  93  12:42  Battlecruiser  
  93  12:43  Barracks  
  99  12:44  Supply Depot  
  99  12:52  Bunker  
  99  12:58  Starport Tech Lab  
  99  13:05  Thor  
  99  13:07  Supply Depot  
  99  13:12  Terran Vehicle And Ship Armor Level 1  
  105  13:19  Terran Vehicle Weapons Level 2  
  105  13:29  Battlecruiser x2  
  117  13:46  Refinery, Battlecruiser  
  123  13:55  Marine  
  123  13:56  Marine  
  125  14:09  Starport  
  125  14:10  Refinery  
  125  14:13  Marine x2  
  127  14:31  Marine x2  
  127  14:33  Battlecruiser  
  135  14:43  Bunker  
  135  14:47  Starport  
  135  15:06  Terran Ship Weapons Level 2  
  135  15:07  Planetary Fortress  
  135  15:11  Starport Tech Lab  
  135  15:13  Bunker  
  135  15:20  Missile Turret  
  135  15:29  Terran Infantry Weapons Level 1  
  135  15:33  Starport Tech Lab  
  135  15:34  Terran Vehicle And Ship Armor Level 2  
  135  15:40  Missile Turret  
  135  15:42  Bunker  
  135  15:48  Missile Turret  
  135  15:58  Missile Turret  
  135  16:09  Missile Turret  
  135  16:20  Missile Turret  
  135  16:29  Barracks Tech Lab  
  135  16:35  Marine x2  
  137  16:51  Missile Turret  
  137  16:53  Marine  
  138  17:11  Missile Turret  
  138  17:15  Battlecruiser x2  
  150  17:16  Battlecruiser  
  150  17:22  Weapon Refit  
  156  17:23  Terran Infantry Armor Level 1  
  156  17:31  Missile Turret  
  156  17:52  Sensor Tower  
  156  17:56  Terran Vehicle And Ship Armor Level 3  
  156  18:12  Sensor Tower  
  156  18:55  Terran Ship Weapons Level 3  
  156  20:04  Command Center  
  156  20:11  Terran Infantry Weapons Level 2  
  156  20:22  Starport  
  156  20:33  Terran Vehicle Weapons Level 3  
  156  20:35  Factory  
  156  20:53  Missile Turret  
  156  21:03  Refinery  
  156  21:10  Hyperflight Rotors, Refinery  
  156  21:13  Missile Turret  
  156  21:15  Battlecruiser x2  
  156  21:17  Planetary Fortress  
  168  21:28  Marine  
  169  21:33  Starport Tech Lab, Missile Turret  
  169  21:44  Missile Turret  
  169  21:46  Marine  
  170  21:51  Cloaking Field  
  170  21:53  Interference Matrix  
  170  21:54  Missile Turret  
  170  22:04  Marine  
  171  22:13  Missile Turret  
  171  22:21  Marine  
  172  22:27  Terran Infantry Armor Level 2  
  172  22:33  Missile Turret  
  172  22:52  Missile Turret  
  172  23:06  Marine  
  172  23:07  Battlecruiser  
  172  23:12  Missile Turret  
  179  23:35  Supply Depot, Factory Tech Lab  
  179  23:43  Missile Turret  
  179  23:51  Combat Shield  
  179  23:57  Siege Tank, Battlecruiser  
  179  23:59  Supply Depot  
  179  24:02  Missile Turret  
  188  24:16  Battlecruiser  
  194  24:19  Caduceus Reactor  
  194  24:20  Battlecruiser  
  194  24:21  Missile Turret  
  200  24:41  Missile Turret  
  200  24:43  Terran Infantry Weapons Level 3  
  200  24:46  Barracks  
  200  25:07  Missile Turret  
  200  25:10  Stimpack  
  200  25:15  Advanced Ballistics  
  200  25:28  Missile Turret  
  200  25:49  Missile Turret  
  200  26:04  Starport  
  200  26:08  Infernal Pre-Igniter  
  200  26:11  Missile Turret  
  200  26:16  Drilling Claws  
  200  26:31  Command Center  
  200  26:49  Concussive Shells  
  200  26:54  Refinery x2  
  200  27:10  Ghost Academy  
  200  27:27  Mag-Field Accelerator  
  200  27:28  Starport  
  200  27:32  Starport Tech Lab  
  200  27:34  Missile Turret  
  200  27:35  Smart Servos  
  200  27:46  Terran Infantry Armor Level 3  
  200  27:47  Ghost Academy  
  200  27:50  Personal Cloaking  
  200  28:08  Planetary Fortress  
  200  28:30  Nuke  
  200  29:15  Nuke  
  200  29:30  Ghost Academy  
  200  29:43  Missile Turret  
  200  29:50  Starport Tech Lab  
  200  30:03  Missile Turret  
  194  32:43  Battlecruiser  
  200  34:54  Command Center  
  200  36:07  Refinery  
  200  36:18  Command Center  
  200  36:22  Refinery  
  200  36:23  Refinery  
  200  36:34  Refinery  
  200  37:19  Missile Turret  
  200  37:37  Bunker  
  200  38:17  Bunker  
  200  38:23  Missile Turret  
  200  39:08  Command Center  
  200  39:55  Starport  
  200  40:38  Starport Reactor  
  200  40:46  Missile Turret  
  200  41:08  Missile Turret  
  200  41:44  Missile Turret  
  200  41:46  Planetary Fortress  
  200  41:53  Starport  
  200  42:11  Command Center  
  200  42:14  Barracks Reactor  
  200  42:17  Refinery  
  200  42:18  Refinery  
  200  42:47  Command Center  
  200  42:53  Refinery  
  200  42:55  Refinery  
  200  43:32  Refinery  
  200  43:36  Refinery  
  200  43:44  Barracks Reactor  
  200  44:07  Missile Turret  
  200  44:13  Missile Turret  
  200  44:26  Command Center  
  200  44:40  Command Center  
  200  44:42  Refinery  
  200  45:16  Refinery  
  200  45:30  Command Center  
  200  45:41  Command Center  
  200  45:47  Refinery  
  200  45:49  Refinery  
  200  45:53  Missile Turret  
  200  46:08  Missile Turret  
  200  46:14  Missile Turret  
  200  46:28  Missile Turret  
  200  46:34  Missile Turret  
  200  46:50  Missile Turret  
  200  46:53  Command Center  
  200  46:57  Refinery x2  
  200  47:15  Missile Turret  
  200  47:30  Missile Turret  
  200  47:33  Missile Turret  
  200  47:35  Missile Turret  
  200  47:47  Refinery  
  200  47:52  Missile Turret  
  200  47:53  Missile Turret  
  200  47:56  Missile Turret  
  200  48:12  Missile Turret  
  200  48:13  Refinery, Missile Turret  
Tags
 
League
Bronze
Matchup
TvT
Race
Terran
Spawn Locations
Close Positions
Add a new tag
Caveats
  • Supply blocks, unpowered buildings, or Contaminate may cause inaccurate times.
  • Supply counts are checked every 10 seconds.